 Dungeon Crawl Stone Soup version 0.31-a0-1074-g0b22e4e0f1 (webtiles) character file.

Game seed: 3616018482983958248

5195 benadryl the Thaumaturge (level 10, -24/78 HPs)
             Began as a Djinni Summoner on Dec 8, 2023.
             Was an Initiate of Gozag.
             Annihilated by a +5 spectral giant spiked club (31 damage)
             ... created by Erolcha
             ... on level 9 of the Dungeon.
             The game lasted 00:25:21 (8724 turns).

benadryl the Thaumaturge (Djinni Summoner)          Turns: 8724, Time: 00:25:22

Health: -24/78     AC: 10    Str:  7    XL:     10   Next: 91%
Gold:   968        EV: 12    Int: 21    God:    Gozag SH:  0 Dex: 14

rFire   + + +        u - +1 whip (elec)
rCold   . . .        (no shield)
rNeg    . . .        y - +2 robe {rC+ rF+}
rPois   ∞            n - +1 helmet
rElec   .            s - +0 cloak
rCorr   .            v - +1 pair of gloves {Stlth+}
SInv    +            (boots unavailable)
Will    +....        (no amulet)
Stlth   +++          m - ring of wizardry
HPRegen 0.33/turn    A - ring of see invisible
MPRegen 0.00/turn

%: wizardry (x1), infuse magic (-25 HP)
@: flying
A: sickness immunity, fire resistance 2, cold vulnerability 1, float, innate
caster, HP casting, extra vitality 1
a: Renounce Religion, Potion Petition, Call Merchant, Bribe Branch


You were on level 9 of the Dungeon.
You worshipped Gozag.
Gozag was pleased with you.
You visited 2 branches of the dungeon, and saw 10 of its levels.

You collected 1245 gold pieces.
You spent 231 gold pieces at shops.
You paid 46 gold pieces to Gozag.

Inventory:

Hand Weapons
 r - a +2 quarterstaff of chaos
 u - a +1 whip of electrocution (weapon)
Missiles
 z - 4 silver javelins
Armour
 c - a +0 leather armour of cold resistance
 n - a +1 helmet (worn)
 s - a +0 cloak (worn)
 v - a +1 pair of gloves of stealth (worn)
 y - a +2 robe of resistance (worn)
Magical Staves
 b - a staff of conjuration
Jewellery
 j - a ring of fire
 m - a ring of wizardry (left hand)
 w - a +5 ring of evasion
 A - a ring of see invisible (right hand)
 C - a ring of positive energy
Wands
 o - a wand of flame (10)
 q - a wand of polymorph (11)
 B - a wand of iceblast (4)
 D - a wand of digging (9)
 F - a wand of paralysis (13)
Scrolls
 d - 3 scrolls of teleportation
 k - a scroll of silence
 p - a scroll of identify {@r1}
 G - a scroll of noise
Potions
 a - 2 potions of might
 e - 3 potions of attraction
 g - 6 potions of enlightenment
 h - a potion of cancellation
 i - 6 potions of curing {@q1}
 l - a potion of ambrosia
 t - 3 potions of berserk rage
 E - a potion of mutation


   Skills:
 - Level 9.0 Fighting
 - Level 5.0 Armour
 - Level 2.1 Dodging
 - Level 1.5 Stealth
 * Level 9.3 Spellcasting
 * Level 9.3 Conjurations
 * Level 9.3 Hexes
   Level 0.0 Charms
 * Level 9.3 Summonings
 * Level 9.3 Necromancy
 * Level 9.3 Translocations
 * Level 9.3 Transmutations
 * Level 9.3 Fire Magic
 * Level 9.3 Ice Magic
 * Level 9.3 Air Magic
 * Level 9.3 Earth Magic
 * Level 9.3 Poison Magic


You knew the following spells:

 Your Spells              Type           Power      Damage    Failure   Level
a - Summon Small Mammal   Summ           100%       N/A       1%          1
b - Call Imp              Summ           96%        N/A       1%          2
c - Call Canine Familiar  Summ           48%        N/A       1%          3
d - Summon Guardian Gole  Hex/Summ       48%        N/A       1%          3
e - Summon Lightning Spi  Summ/Air       48%        N/A       1%          4
f - Foxfire               Conj/Fire      100%       2x1d9     1%          1
g - Poisonous Vapours     Pois/Air       96%        N/A       1%          2
h - Jinxbite              Hex            96%        N/A       1%          2
i - Anguish               Hex/Necr       24%        N/A       1%          4
Your spell library was empty.

Dungeon Overview and Level Annotations

Branches:
Dungeon (9/15)             Temple (1/1) D:4             Orc (0/2) D:9
   Lair: D:8-11

Altars:
Ashenzari
Cheibriados
Dithmenos
Elyvilon
Fedhas
Gozag
Hepliaklqana
Makhleb
Nemelex Xobeh
Okawaru
Qazlal
Ru
Trog
Uskayaw
Wu Jian
Xom
Yredelemnul
Zin
The Shining One

Shops:
D:3 [   D:6 :**   D:8 *

Portals:
Abyss: D:7

Annotations:
D:4 3 runed translucent doors, ChaoticPyre's ghost, amateur DsGl
D:7 2 transporters, Frenzy's ghost, novice MiFi
D:9 2 transporters, Erolcha


Innate Abilities, Weirdness & Mutations

You are immune to sickness and miasma.
You are immune to poison.
Your flesh is very heat resistant. (rF++)
You are vulnerable to cold. (rC-)
You float through the air rather than walking.
You learn spells naturally, not from books.
Your magical power is your life essence.
You have superior vitality. (+4 MHP)


Message History

Erolcha flickers and vanishes for a moment.
Your wolf bites Erolcha!
You hit Erolcha but do no damage.
Erolcha is almost dead.
Your wolf bites Erolcha but does no damage.
Erolcha points at your wolf and mumbles some strange words.
Your wolf is devoured by a tear in reality.
You barely miss Erolcha.
Erolcha shouts!
Erolcha is almost dead.
The foxfire hits Erolcha.
Erolcha resists.
Erolcha is almost dead.
Erolcha hits you but does no damage.
The +5 spectral giant spiked club barely misses you.
A +5 spectral giant spiked club comes into view.
You hit Erolcha.
Erolcha is almost dead.
Erolcha hits you with a +5 spectral giant spiked club.
The +5 spectral giant spiked club hits you!!
Casting: Foxfire (safe; 1% risk of failure)
Confirm with . or Enter, or press ? or * to list all spells.
Okay, then.
Press: ? - help, v - describe, . - travel
Here: Erolcha, wielding a +5 spectral giant spiked club and wearing a +2 robe of resistance (almost dead, slightly transparent)
The floor, spattered with blood.
Unknown command.
Okay, then.
Casting: Foxfire (safe; 1% risk of failure)
Confirm with . or Enter, or press ? or * to list all spells.
Casting: Call Canine Familiar (safe; 1% risk of failure)
Confirm with . or Enter, or press ? or * to list all spells.
Aiming: Poisonous Vapours (safe; 1% risk of failure)
Press: ? - help, Dir - move target, f - Erolcha
Aim: Erolcha, wielding a +5 spectral giant spiked club and wearing a +2 robe of resistance (almost dead, slightly transparent, ally target) Poisonous vapours surround Erolcha!
Erolcha is poisoned.
Erolcha hits you with a +5 spectral giant spiked club!!
* * * LOW HITPOINT WARNING * * *
The +5 spectral giant spiked club hits you!!
You die...
Your body crumbles into a pile of gold.

......##...........#######..♣..♣.
......#.8.........## ##...♣♣.
#...........)....## ##.....
#####...........## ######....
#............# #...###...
#............# #.>.......
#..#......###.# #.......#.
..####..### #.## #.......## ##.
#@(# #........# #. #8O#
##.......# ##9h# ##....... ##..#
#......# #..# ###....# #..#
##..## #..# ##..## ..# #...## ##
#...#


You could see Erolcha (invisible, very poisoned, ally target), a +5 spectral
giant spiked club, a friendly guardian golem (summoned), a friendly wolf
(summoned, sheltered) and a friendly lightning spire (summoned, sheltered).

Vanquished Creatures
  A hornet (D:9)
  A dream sheep (D:8)
  Sigmund (D:2)
  A yak (D:9)
  A warg (D:9)
  A water moccasin (D:9)
  An ice beast (D:5)
  A wolf (D:8)
  A centaur (D:9)
  A phantom (D:6)
  A kobold brigand (D:9)
  Blork the orc (D:6)
  A scorpion (D:5)
  3 wights (D:8)
  3 howler monkeys (D:7)
  2 hounds
  A jelly (D:4)
  A gnoll bouda (D:8)
  4 orc priests
  Crazy Yiuf (D:4)
  3 sleepcaps
  Jessica (D:3)
  7 orc wizards
  Natasha (thrice) (D:3)
  Robin (D:2)
  A gnoll (D:6)
  8 adders
  2 white imps
  A worm (D:4)
  3 dart slugs
  31 orcs
  5 bats
  3 endoplasms (D:1)
  A giant cockroach (D:2)
  16 goblins
  9 hobgoblins
  3 quokkas
  6 ball pythons
  3 frilled lizards
  10 kobolds
  4 rats
149 creatures vanquished.

Vanquished Creatures (collateral kills)
  Maggie (D:9)
  A vampire (D:9)
  2 yaks (D:9)
  Grum (D:8)
  A wyvern (D:6)
  A steam dragon (D:7)
  Edmund (D:6)
  Duvessa (D:6)
  4 orc warriors
  A black bear (D:5)
  A wolf (D:8)
  A scorpion (D:5)
  Dowan (D:6)
  8 killer bees
  3 iguanas
  5 orc wizards
  3 gnolls (D:6)
  2 dart slugs
  5 orcs
  An endoplasm (D:1)
  A giant cockroach (D:1)
  A hobgoblin (D:2)
  A jackal (D:1)
  A frilled lizard (D:1)
48 creatures vanquished.

Vanquished Creatures (others)
  A howler monkey (D:9)
  2 orc wizards (D:7)
  715 foxfires
718 creatures vanquished.

Grand Total: 915 creatures vanquished

Notes
Turn   | Place    | Note
-------+----------+-------------------------------------------
     0 | D:1      | benadryl the Djinni Summoner began the quest for the Orb.
     0 | D:1      | benadryl set off with the following spells memorised:
                  | Summon Small Mammal, Call Imp, Call Canine Familiar, Summon
                  | Guardian Golem, Summon Lightning Spire.
     0 | D:1      | Reached XP level 1. HP: 15/15 MP: 0/0
    41 | D:1      | Reached skill level 1 in Fighting
   181 | D:1      | Reached XP level 2. HP: 20/22 MP: 0/0
   672 | D:1      | Reached XP level 3. HP: 22/28 MP: 0/0
   672 | D:1      | Learned a level 1 spell: Foxfire
   823 | D:2      | Noticed Sigmund
   830 | D:2      | Killed Sigmund
   831 | D:2      | Reached XP level 4. HP: 22/37 MP: 0/0
   831 | D:2      | Reached XP level 5. HP: 24/41 MP: 0/0
   831 | D:2      | Learned a level 2 spell: Poisonous Vapours
   831 | D:2      | Reached XP level 6. HP: 28/47 MP: 0/0
   944 | D:2      | Noticed Robin
   949 | D:2      | Killed Robin
  1117 | D:2      | Identified the +0 ring mail "Jyakhoff" {Str-3 Dex+7}
  1499 | D:3      | Noticed Natasha
  1503 | D:3      | Killed Natasha
  1648 | D:3      | Noticed Natasha
  1655 | D:3      | Killed Natasha
  1656 | D:3      | Reached skill level 5 in Spellcasting
  1656 | D:3      | Reached skill level 5 in Conjurations
  1656 | D:3      | Reached skill level 5 in Hexes
  1656 | D:3      | Reached skill level 5 in Summonings
  1656 | D:3      | Reached skill level 5 in Necromancy
  1656 | D:3      | Reached skill level 5 in Translocations
  1656 | D:3      | Reached skill level 5 in Transmutations
  1656 | D:3      | Reached skill level 5 in Fire Magic
  1656 | D:3      | Reached skill level 5 in Ice Magic
  1656 | D:3      | Reached skill level 5 in Air Magic
  1656 | D:3      | Reached skill level 5 in Earth Magic
  1656 | D:3      | Reached skill level 5 in Poison Magic
  1904 | D:3      | Noticed Natasha
  1910 | D:3      | Killed Natasha
  1911 | D:3      | Reached XP level 7. HP: 43/52 MP: 0/0
  1911 | D:3      | Learned a level 2 spell: Jinxbite
  2148 | D:3      | Noticed Jessica
  2153 | D:3      | Killed Jessica
  2218 | D:3      | Found Anunylet's Armour Emporium.
  2432 | D:4      | Found a runed translucent door.
  2433 | D:4      | Noticed Crazy Yiuf
  2449 | D:4      | Killed Crazy Yiuf
  2630 | D:4      | Found a glowing golden altar of the Shining One.
  2789 | D:4      | Found a staircase to the Ecumenical Temple.
  2918 | Temple   | Entered the Ecumenical Temple
  2988 | Temple   | Became a worshipper of Gozag Ym Sagoz the Greedy
  3543 | D:4      | Found a runed translucent gate.
  3543 | D:4      | Found a runed translucent gate.
  3545 | D:4      | Found a runed translucent gate.
  3546 | D:4      | Noticed ChaoticPyre's ghost (amateur DsGl)
  3610 | D:5      | Entered Level 5 of the Dungeon
  4079 | D:5      | Reached XP level 8. HP: 47/58 MP: 0/0
  4616 | D:6      | Reached skill level 5 in Fighting
  4729 | D:6      | Noticed Duvessa
  4729 | D:6      | Noticed Dowan
  4735 | D:6      | Killed Duvessa
  4736 | D:6      | Killed Dowan
  4844 | D:6      | Found Xoarr's Assorted Antiques.
  5020 | D:6      | Found Imaupt's General Store.
  5026 | D:6      | Bought a +1 pair of gloves of stealth for 231 gold pieces
  5118 | D:6      | Noticed a wyvern
  5122 | D:6      | Killed a wyvern
  5123 | D:6      | Reached XP level 9. HP: 61/67 MP: 0/0
  5123 | D:6      | Learned a level 4 spell: Anguish
  5220 | D:6      | Noticed Edmund
  5221 | D:6      | Found Goicucvo's Book Shoppe.
  5226 | D:6      | Killed Edmund
  5322 | D:6      | Noticed Blork the orc
  5358 | D:6      | Killed Blork the orc
  5636 | D:7      | Found a transporter.
  5653 | D:7      | Noticed a purple ugly thing
  5655 | D:7      | Found a one-way gate to the infinite horrors of the Abyss.
  5655 | D:7      | Noticed Frenzy's ghost (novice MiFi)
  5702 | D:7      | Found a transporter.
  6012 | D:7      | Reached skill level 1 in Armour
  6266 | D:8      | Noticed Grum
  6469 | D:8      | Killed Grum
  6737 | D:8      | Reached XP level 10. HP: 77/78 MP: 0/0
  6816 | D:8      | Reached skill level 5 in Armour
  7091 | D:8      | Found Xiew's Assorted Antiques.
  7272 | D:9      | Found a stormy altar of Qazlal.
  7274 | D:9      | Found a hazy altar of Hepliaklqana.
  7274 | D:9      | Noticed a boulder beetle
  7277 | D:9      | Found a transporter.
  7286 | D:9      | Noticed a tengu warrior
  7369 | D:9      | HP: 1/78 [wyvern (11)]
  7854 | D:9      | Found a staircase to the Orcish Mines.
  7863 | D:9      | Noticed Erolcha
  8211 | D:9      | Noticed Maggie
  8279 | D:9      | Found a transporter.
  8422 | D:9      | Found a sparkling altar of Nemelex Xobeh.
  8667 | D:9      | Killed Maggie
  8724 | D:9      | Annihilated by a +5 spectral giant spiked club

Illustrated notes

Levels and vault maps discovered:
D:1:      co_arrival_random_square_maze, layout_basic, minmay_pentomino_q4
D:2:      layout_rooms, minmay_misc_feat_pillars, uniq_robin, uniq_sigmund
D:3:      layout_loops_ring, serial_shops, nicolae_lakefront_shop, uniq_jessica,
          uniq_natasha
D:4:      layout_basic, vehumet_crystals, mainiacjoe_overflow_alcove_4,
          minmay_temple_entry_large_hall, gammafunk_ghost_nasty_kobolds,
          nicolae_underground_beach, uniq_crazy_yiuf_cottage
D:5:      layout_basic, minmay_misc_feat_rugged, kennysheep_generic_room_12
D:6:      layout_loops_ring, serial_shops, nicolae_shop_peninsula, shop,
          nicolae_square_shop, uniq_duvessa, uniq_edmund, uniq_blork_the_orc
D:7:      layout_layer_cave, gammafunk_ghost_abyssal_escape
D:8:      layout_loops_ring, serial_shops, nicolae_shop_back_alley_shop,
          dreamdust_gnoll_shepherd, uniq_grum
D:9:      layout_layer_cave, mainiacjoe_overflow_small_starburst,
          gammafunk_temple_overflow_arena, david_orc_3, uniq_erolcha,
          uniq_maggie
Temple:   minmay_crystal_spiral_temple

Skill      XL: |  1  2  3  4  5  6  7  8  9 10 |
---------------+-------------------------------+-----
Fighting       | 1 4 6 9 |  9.0
Spellcasting   | 4 5 6 9 |  9.3
Conjurations   | 4 5 6 9 |  9.3
Hexes          | 4 5 6 9 |  9.3
Summonings     | 4 5 6 9 |  9.3
Necromancy     | 4 5 6 9 |  9.3
Translocations | 4 5 6 9 |  9.3
Transmutations | 4 5 6 9 |  9.3
Fire Magic     | 4 5 6 9 |  9.3
Ice Magic      | 4 5 6 9 |  9.3
Air Magic      | 4 5 6 9 |  9.3
Earth Magic    | 4 5 6 9 |  9.3
Poison Magic   | 4 5 6 9 |  9.3
Armour         | 4 5 |  5.0
Dodging        | |  2.1
Stealth        | |  1.5

Action                     |  1- 3 |  4- 6 |  7- 9 | 10-12 || total
---------------------------+-------+-------+-------+-------++-------
  Melee: Hand axe          |    36 |     6 |     1 |       ||    43
         Whip              |       |       |    40 |     4 ||    44
         Quarterstaff      |       |       |     4 |       ||     4
         Punch             |       |       |     2 |       ||     2
   Cast: Summon Small Mamm |     6 |       |       |       ||     6
         Call Imp          |     6 |       |     5 |       ||    11
         Foxfire           |    15 |    94 |   247 |   117 ||   473
         Call Canine Famil |       |       |     3 |     4 ||     7
         Summon Lightning  |       |       |    15 |    18 ||    33
         Summon Guardian G |       |       |     2 |     2 ||     4
         Poisonous Vapours |       |       |     2 |     1 ||     3
         Anguish           |       |       |     2 |     1 ||     3
         Jinxbite          |       |       |       |     1 ||     1
  Evoke: Wand              |       |       |       |     2 ||     2
    Use: Scroll            |       |     5 |    16 |     5 ||    26
         Potion            |       |       |       |     3 ||     3
   Stab: Sleeping          |     1 |       |       |       ||     1
 Armour: Robe              |    15 |    10 |    70 |    40 ||   135
         Leather armour    |     6 |       |       |       ||     6
         Skin              |       |       |     1 |       ||     1
  Dodge: Dodged            |    31 |     2 |    60 |    32 ||   125

Table legend: (Time is in decaauts)
 A = Elapsed time spent in this place.
 B = Non-inter-level travel time spent in this place.
 C = Inter-level travel time spent in this place.
 D = Time resting spent in this place.
 E = Time spent auto-exploring this place.
 F = Levels seen in this place.
 G = Mean time per level.
                   A        B        C        D        E       F      G
               +--------+--------+--------+--------+--------+-----+--------+
         Total |   8739 |   8244 |    495 |   1508 |   4995 |  10 |  873.9 |
       Dungeon |   8598 |   8242 |    356 |   1508 |   4995 |   9 |  955.3 |
        Temple |    140 |      1 |    139 |      0 |      0 |   1 |  140.0 |
               +--------+--------+--------+--------+--------+-----+--------+

Top non-repeatable levels by time:
     D:8: 1319 daAuts
     D:9: 1096 daAuts
     D:4: 1073 daAuts
     D:5: 982 daAuts
     D:3: 900 daAuts
     D:6: 883 daAuts
     D:7: 834 daAuts
     D:1: 819 daAuts
     D:2: 688 daAuts
  Temple: 140 daAuts
